 Dungeon Crawl Stone Soup version 0.22-a0-480-g991dd4b (webtiles) character file.

172 KillYourself the Slasher (level 5, 0/46 HPs)
             Began as a Draconian Berserker on June 16, 2018.
             Was a Believer of Trog.
             Slain by Defined's ghost (3 damage)
             ... on level 4 of the Dungeon.
             The game lasted 00:10:09 (2676 turns).

KillYourself the Slasher (Draconian Berserker)      Turns: 2676, Time: 00:10:10

Health: 0/46       AC:  6    Str: 20    XL:     5   Next: 27%
Magic:  5/5        EV: 13    Int:  7    God:    Trog [**....]
Gold:   148        SH:  0    Dex: 11    Spells: 4/4 levels left

rFire    . . .     SeeInvis +   a - +0 falchion
rCold    . . .     Gourm    .   (no shield)
rNeg     . . .     Faith    .   (armour unavailable)
rPois    +         Spirit   .   (helmet restricted)
rElec    .         Reflect  .   (no cloak)
rCorr    .         Harm     .   i - +0 pair of gloves
MR       .....                  (no boots)
Stlth    +.........             o - amulet of inaccuracy (curse)
HPRegen  0.15/turn              k - ring of see invisible
MPRegen  0.09/turn              n - ring of poison resistance

@: berserk cooldown, slowed, very slow
A: unfitting armour, cold-blooded, AC +5
a: Berserk, Trog's Hand, Renounce Religion


You were on level 4 of the Dungeon.
You worshipped Trog.
Trog was pleased with you.
You were hungry.

You visited 1 branch of the dungeon, and saw 4 of its levels.

You collected 148 gold pieces.

Inventory:

Hand Weapons
 a - a +0 falchion (weapon)
Armour
 i - a +0 pair of gloves (worn)
Jewellery
 k - a ring of see invisible (left hand)
 l - an uncursed ring of resist corrosion
 n - a ring of poison resistance (right hand)
 o - a cursed amulet of inaccuracy (around neck)
Scrolls
 c - a scroll of amnesia {unknown}
 e - a scroll of immolation {unknown}
 f - 3 scrolls of teleportation {unknown}
 g - a scroll of blinking {unknown}
 h - a scroll of fear {unknown}
 j - 2 scrolls of remove curse {unknown}
 m - 5 scrolls of identify {unknown}
 q - a scroll of enchant armour {unknown}
Potions
 d - 3 potions of curing
Comestibles
 b - 5 rations


   Skills:
 + Level 4.1 Fighting
 + Level 4.6 Long Blades
 + Level 3.6 Dodging
 + Level 0.9 Stealth


You had 4 spell levels left.
You didn't know any spells.
Your spell library was empty.

Dungeon Overview and Level Annotations

Branches:
Dungeon (4/15)
 Temple: D:4-7

Altars:
Okawaru
Trog
Yredelemnul

Annotations:
D:4 Defined's ghost, amateur MiAK


Innate Abilities, Weirdness & Mutations

Your plain brown scales are hard. (AC +5)
You cannot fit into any form of body armour.
You are cold-blooded and may be slowed by cold attacks.


Message History

You feel less resistant to hostile enchantments.
Defined's ghost hits you. Defined's ghost hits you!
You closely miss Defined's ghost.
Defined's ghost is severely damaged.
Defined's ghost closely misses you.
You hit Defined's ghost.
Defined's ghost is severely damaged.
Defined's ghost hits you! Defined's ghost completely misses you.
You miss Defined's ghost.
Defined's ghost is severely damaged.
Defined's ghost hits you!
* * * LOW HITPOINT WARNING * * *
You closely miss Defined's ghost.
Defined's ghost is severely damaged.
Defined's ghost hits you but does no damage.
Defined's ghost hits you.
* * * LOW HITPOINT WARNING * * *
An adder and a scorpion come into view.
Defined's ghost hits you.
You die...

########..
#...s..S.#
#@##########..
##W.<........#
#(############
#.# ##


You could see a scorpion, Defined's ghost and an adder (sleeping).

Vanquished Creatures
  A crimson imp (D:3)
  An iguana (D:3)
  A hound skeleton (D:3)
  3 adders (D:3)
  A worm (D:3)
  4 dart slugs (D:1)
  A leopard gecko (D:3)
  An orc (D:3)
  A ball python (D:2)
  5 giant cockroaches
  4 goblins
  9 hobgoblins
  3 jackals (D:1)
  2 quokkas
  5 bats
  3 frilled lizards
  8 kobolds
  A leopard gecko skeleton (D:3)
  8 rats
62 creatures vanquished.

Notes
Turn   | Place    | Note
-------+----------+-------------------------------------------
     0 | D:1      | KillYourself the Draconian Berserker began the quest for the Orb.
     0 | D:1      | Reached XP level 1. HP: 19/19 MP: 1/1
    60 | D:1      | Reached XP level 2. HP: 24/26 MP: 2/2
   346 | D:1      | You fall through a shaft!
   346 | D:2      | Found a faded altar of an unknown god.
   407 | D:2      | Reached ** piety under Trog
   420 | D:2      | Reached XP level 3. HP: 33/33 MP: 3/3
  1145 | D:2      | Found a basalt altar of Yredelemnul.
  1147 | D:2      | Found a bloodstained altar of Trog.
  1405 | D:3      | Reached XP level 4. HP: 40/40 MP: 4/4
  1694 | D:3      | Found an iron altar of Okawaru.
  2007 | D:3      | Reached XP level 5. HP: 12/46 MP: 5/5
  2641 | D:4      | Noticed Defined's ghost (amateur MiAK)
  2674 | D:4      | HP: 2/46 [Defined's ghost (4)]
  2676 | D:4      | Slain by Defined's ghost

Vault maps used:
D:1:      ebering_trefoil_3fold
D:2:      minitemple, chequers_ecumenical_altar_island, grunt_ministairs_15
D:3:      lemuel_crystal_altar, first_ration
D:4:      gammafunk_temple_overflow_arena, overflow_temple_1_default,
          nicolae_ossuary_entry_monument, uniq_crazy_yiuf_cottage, uniq_duvessa,
          uniq_pikel

Skill      XL: |  1  2  3  4 |
---------------+-------------+-----
Dodging        | 3 |  3.6
Fighting       | 4 |  4.1
Long Blades    | 4 |  4.6
Stealth        | |  0.9

Action                   |  1- 3 |  4- 6 || total
-------------------------+-------+-------++-------
Melee: Falchion          |   100 |   207 ||   307
       Tailslap          |    10 |    22 ||    32
Invok: Berserk           |       |     1 ||     1
       Trog's Hand       |       |     1 ||     1
  Use: Potion            |     4 |     1 ||     5
 Stab: Sleeping          |     1 |       ||     1
  Eat: Ration            |     1 |     1 ||     2
Armor: Skin              |    30 |    63 ||    93
Dodge: Dodged            |    74 |   115 ||   189
       Rpst.: Falchion   |    16 |    43 ||    59

Table legend:
 A = Spawn XP
 B = Non-spawn XP
 C = Spawn XP percentage of total XP
 D = Spawn monster count
 E = Non-spawn monster count
 F = Spawn count percentage of total count
 G = Total turns spent on level
                    A         B        C        D         E        F      G
               +---------+---------+-------+---------+---------+-------+---------
         Total |       0 |     246 |   0.0 |       0 |      62 |   0.0 |  2676
               +---------+---------+-------+---------+---------+-------+---------
           D:1 |       0 |      37 |   0.0 |       0 |      19 |   0.0 |   346
           D:2 |       0 |      24 |   0.0 |       0 |      15 |   0.0 |   998
           D:3 |       0 |     185 |   0.0 |       0 |      28 |   0.0 |  1297
               +---------+---------+-------+---------+---------+-------+---------
